TOP OF THE 1ST |
Los Angeles Bruins batting - Pitching for Birmingham Steeldogs : RHP Vinícius Itaquy
|
Pitching: RHP Vinícius Itaquy
|
|
Batting: LHB José Antonio Santiago
|
0-0: Ball 1-0: Foul Ball, location: 2F 1-1: Ball 2-1: Ball 3-1: Foul Ball, location: 2F 3-2: Foul Ball, location: 2F 3-2: Foul Ball, location: 2F 3-2: Foul Ball, location: 2F 3-2: Base on Balls
|
Batting: SHB Ramón Lugo
|
0-0: Swinging Strike 0-1: SINGLE (Line Drive, 4M) José Antonio Santiago to second Runner from 2nd tries for 3rd, SAFE, throw made to third
|
Batting: RHB Rubén Calderón
|
0-0: Ball 1-0: Ball 2-0: Ball 3-0: SINGLE (Line Drive, 7S) José Antonio Santiago scores Ramón Lugo to second
|
Batting: LHB Richard Hunter
|
0-0: Called Strike 0-1: Ball 1-1: Ball 2-1: Ground out 5-3 (Groundball, 56S) Ramón Lugo to third Rubén Calderón to second
|
Batting: RHB Morgan Gibbon
|
0-0: Ground out 5-3 (Groundball, 56) Ramón Lugo scores
|
Batting: SHB Zach Franks
|
0-0: Called Strike 0-1: Ball 1-1: Called Strike 1-2: 2-RUN HOME RUN (Flyball, 9LD), Distance : 361 ft
|
Batting: LHB David Richardson
|
0-0: Ground out 3-1 (Groundball, 34)
|
Top of the 1st over - 4 run(s), 3 hit(s), 0 error(s), 0 left on base; Los Angeles 4 - Birmingham 0 |
BOTTOM OF THE 1ST |
Birmingham Steeldogs batting - Pitching for Los Angeles Bruins : RHP Alejandro Méndez
|
Pitching: RHP Alejandro Méndez
|
|
Batting: LHB José Sánchez
|
0-0: Swinging Strike 0-1: Ball 1-1: Foul Ball, location: 2F 1-2: Ball 2-2: Foul Ball, location: 2F 2-2: Ground out 4-3 (Groundball, 4M)
|
Batting: LHB Glenn Garrett
|
0-0: Called Strike 0-1: SINGLE (Line Drive, 7S)
|
Batting: LHB Chris Miller
|
0-0: Called Strike 0-1: Called Strike 0-2: Strikes out swinging
|
Batting: LHB Arturo Molina
|
0-0: Foul Ball, location: 2F 0-1: Ball 1-1: SINGLE (Line Drive, 7S) Glenn Garrett to second
|
Batting: SHB Jesús Ramírez
|
0-0: Ball 1-0: Foul Ball, location: 2F 1-1: Ball 2-1: Ground out 4-3 (Groundball, 4)
|
Bottom of the 1st over - 0 run(s), 2 hit(s), 0 error(s), 2 left on base; Los Angeles 4 - Birmingham 0 |
TOP OF THE 2ND |
Los Angeles Bruins batting - Pitching for Birmingham Steeldogs : RHP Vinícius Itaquy
|
Batting: SHB Miguel González
|
0-0: Foul Ball, location: 2F 0-1: Ball 1-1: Ball 2-1: Ground out 6-3 (Groundball, 6)
|
Batting: RHB Tom Doherty
|
0-0: Ground out 5-3 (Groundball, 5S)
|
Batting: LHB José Antonio Santiago
|
0-0: Ball 1-0: Called Strike 1-1: Ball 2-1: Ball 3-1: Fly out, F8 (Flyball, 8LS)
|
Top of the 2nd over - 0 run(s), 0 hit(s), 0 error(s), 0 left on base; Los Angeles 4 - Birmingham 0 |
BOTTOM OF THE 2ND |
Birmingham Steeldogs batting - Pitching for Los Angeles Bruins : RHP Alejandro Méndez
|
Batting: LHB Mitchell Oglethorpe
|
0-0: Ball 1-0: Foul Ball, location: 2F 1-1: Swinging Strike 1-2: Ball 2-2: Foul Ball, location: 2F 2-2: Ball 3-2: Foul Ball, location: 2F 3-2: SINGLE (Line Drive, 89M)
|
Batting: LHB Ben Kelley
|
0-0: Ball 1-0: Called Strike 1-1: Swinging Strike 1-2: Ball 2-2: Ball 3-2: Strikes out swinging
|
Batting: RHB Mario Hernández
|
0-0: Foul Ball, location: 2F 0-1: Called Strike 0-2: Ball 1-2: Ball 2-2: Strikes out looking
|
Batting: RHB Paço Ttes
|
0-0: Called Strike 0-1: Called Strike 0-2: Strikes out swinging
|
Bottom of the 2nd over - 0 run(s), 1 hit(s), 0 error(s), 1 left on base; Los Angeles 4 - Birmingham 0 |
TOP OF THE 3RD |
Los Angeles Bruins batting - Pitching for Birmingham Steeldogs : RHP Vinícius Itaquy
|
Batting: SHB Ramón Lugo
|
0-0: Called Strike 0-1: Ball 1-1: SINGLE (Line Drive, 4MD)
|
Batting: RHB Rubén Calderón
|
0-0: Called Strike 0-1: Called Strike Ramón Lugo steals 2nd base 0-2: Ground out 6-3 (Groundball, 56)
|
Batting: LHB Richard Hunter
|
0-0: Swinging Strike 0-1: Foul Ball, location: 2F 0-2: Ball 1-2: Foul Ball, location: 2F 1-2: Ground out 4-3 (Groundball, 4M) Ramón Lugo to third
|
Batting: RHB Morgan Gibbon
|
0-0: Ball 1-0: Ball 2-0: Foul Ball, location: 2F 2-1: DOUBLE (Line Drive, 89XD) Ramón Lugo scores
|
Batting: SHB Zach Franks
|
0-0: Foul Ball, location: 2F 0-1: Fly out, F6 (Popup, 56D)
|
Top of the 3rd over - 1 run(s), 2 hit(s), 0 error(s), 1 left on base; Los Angeles 5 - Birmingham 0 |
BOTTOM OF THE 3RD |
Birmingham Steeldogs batting - Pitching for Los Angeles Bruins : RHP Alejandro Méndez
|
Batting: LHB José Sánchez
|
0-0: Ball 1-0: Ball 2-0: Ball 3-0: Base on Balls
|
Batting: LHB Glenn Garrett
|
0-0: Called Strike 0-1: Ball 1-1: Ball 2-1: Foul Ball, location: 2F 2-2: Ball 3-2: Fly out, F7 (Flyball, 78M) 3-2: Fly out, F7 (Flyball, 78M)
|
Batting: LHB Chris Miller
|
0-0: Called Strike 0-1: Ball 1-1: Foul Ball, location: 2F 1-2: Ball Wild Pitch! José Sánchez to second 2-2: Fly out, F3 (Line Drive, 3)
|
Batting: LHB Arturo Molina
|
0-0: Called Strike 0-1: SINGLE (Line Drive, 6D) José Sánchez to third Runner from 3rd tries for Home, SAFE, no throw or cutoff
|
Batting: SHB Jesús Ramírez
|
0-0: Called Strike 0-1: Ball 1-1: Swinging Strike 1-2: Ball 2-2: Strikes out swinging
|
Bottom of the 3rd over - 1 run(s), 1 hit(s), 0 error(s), 1 left on base; Los Angeles 5 - Birmingham 1 |
TOP OF THE 4TH |
Los Angeles Bruins batting - Pitching for Birmingham Steeldogs : RHP Vinícius Itaquy
|
Batting: LHB David Richardson
|
0-0: Called Strike 0-1: Foul Ball, location: 2F 0-2: Ground out 4-3 (Groundball, 4)
|
Batting: SHB Miguel González
|
0-0: Ball 1-0: Called Strike 1-1: Fly out, F9 (Flyball, 89D)
|
Batting: RHB Tom Doherty
|
0-0: SINGLE (Flyball, 8LS)
|
Batting: LHB José Antonio Santiago
|
0-0: Called Strike 0-1: Ground out 1-3 (Groundball, 13)
|
Top of the 4th over - 0 run(s), 1 hit(s), 0 error(s), 1 left on base; Los Angeles 5 - Birmingham 1 |
BOTTOM OF THE 4TH |
Birmingham Steeldogs batting - Pitching for Los Angeles Bruins : RHP Alejandro Méndez
|
Batting: LHB Mitchell Oglethorpe
|
0-0: Ball 1-0: Ball 2-0: Called Strike 2-1: Foul Ball, location: 2F 2-2: Ball 3-2: SINGLE (Line Drive, 4M)
|
Batting: LHB Ben Kelley
|
0-0: Ball Pickoff Throw to First - Out! 1-0: Ball 2-0: Called Strike 2-1: Ball 3-1: Fly out, F7 (Flyball, 78D)
|
Batting: RHB Mario Hernández
|
0-0: Swinging Strike 0-1: Foul Ball, location: 2F 0-2: Ball 1-2: Foul Ball, location: 2F 1-2: Ball 2-2: Foul Ball, location: 2F 2-2: DOUBLE (Flyball, 7LS)
|
Batting: RHB Paço Ttes
|
0-0: Called Strike 0-1: SINGLE (Line Drive, 6D) Mario Hernández to third Runner from 3rd tries for Home, SAFE, no throw or cutoff
|
Batting: LHB José Sánchez
|
0-0: Ball Wild Pitch! Paço Ttes to second 1-0: Ball 2-0: Foul Ball, location: 2F 2-1: Foul Ball, location: 2F 2-2: SINGLE (Groundball, 4M) Paço Ttes to third Runner from 3rd tries for Home, SAFE, no throw or cutoff
|
Batting: LHB Glenn Garrett
|
0-0: Called Strike 0-1: Foul Ball, location: 2F 0-2: Foul Ball, location: 2F 0-2: Ball 1-2: Ground out 1-3 (Groundball, 13S)
|
Bottom of the 4th over - 2 run(s), 4 hit(s), 0 error(s), 1 left on base; Los Angeles 5 - Birmingham 3 |
TOP OF THE 5TH |
Los Angeles Bruins batting - Pitching for Birmingham Steeldogs : RHP Vinícius Itaquy
|
Batting: SHB Ramón Lugo
|
0-0: Called Strike 0-1: Swinging Strike 0-2: Fly out, F5 (Popup, 7LSF)
|
Batting: RHB Rubén Calderón
|
0-0: Ground out 5-3 (Groundball, 56)
|
Batting: LHB Richard Hunter
|
0-0: Called Strike 0-1: Ball 1-1: Foul Ball, location: 2F 1-2: Ball 2-2: Ball 3-2: Fly out, F7 (Flyball, 7LS)
|
Top of the 5th over - 0 run(s), 0 hit(s), 0 error(s), 0 left on base; Los Angeles 5 - Birmingham 3 |
BOTTOM OF THE 5TH |
Birmingham Steeldogs batting - Pitching for Los Angeles Bruins : RHP Alejandro Méndez
|
Batting: LHB Chris Miller
|
0-0: Called Strike 0-1: Swinging Strike 0-2: Foul Ball, location: 2F 0-2: DOUBLE (Line Drive, 9LD)
|
Batting: LHB Arturo Molina
|
0-0: Ball 1-0: Called Strike 1-1: Called Strike 1-2: Fly out, F7 (Flyball, 7LSF)
|
Batting: SHB Jesús Ramírez
|
0-0: Called Strike 0-1: Foul Ball, location: 2F 0-2: Ground out 3-1 (Groundball, 34S) Chris Miller to third
|
Batting: LHB Mitchell Oglethorpe
|
0-0: Ball 1-0: Ball 2-0: DOUBLE (Line Drive, 78S) Chris Miller scores
|
Batting: LHB Ben Kelley
|
0-0: Fly out, F9 (Flyball, 9M)
|
Bottom of the 5th over - 1 run(s), 2 hit(s), 0 error(s), 1 left on base; Los Angeles 5 - Birmingham 4 |
TOP OF THE 6TH |
Los Angeles Bruins batting - Pitching for Birmingham Steeldogs : RHP Vinícius Itaquy
|
Batting: RHB Morgan Gibbon
|
0-0: SINGLE (Groundball, 56D)
|
Batting: SHB Zach Franks
|
0-0: Ground out 5-3 (Groundball, 5S) Morgan Gibbon to second
|
Batting: LHB David Richardson
|
0-0: Ball 1-0: Called Strike 1-1: Ball 2-1: Ball 3-1: Foul Ball, location: 2F 3-2: Base on Balls
|
Batting: SHB Miguel González
|
0-0: Swinging Strike 0-1: Grounds into double play, 6-4-3 (Groundball, 6M)
|
Top of the 6th over - 0 run(s), 1 hit(s), 0 error(s), 1 left on base; Los Angeles 5 - Birmingham 4 |
BOTTOM OF THE 6TH |
Birmingham Steeldogs batting - Pitching for Los Angeles Bruins : RHP Alejandro Méndez
|
Pitching: RHP António Juárez
|
|
Batting: RHB Mario Hernández
|
0-0: Ground out 3-1 (Groundball, 34)
|
Batting: RHB Paço Ttes
|
0-0: Called Strike 0-1: Foul Ball, location: 2F 0-2: Ground out 5-3 (Groundball, 5L)
|
Batting: LHB José Sánchez
|
0-0: Foul Ball, location: 2F 0-1: Swinging Strike 0-2: Strikes out swinging
|
Bottom of the 6th over - 0 run(s), 0 hit(s), 0 error(s), 0 left on base; Los Angeles 5 - Birmingham 4 |
TOP OF THE 7TH |
Los Angeles Bruins batting - Pitching for Birmingham Steeldogs : RHP Vinícius Itaquy
|
Batting: RHB Tom Doherty
|
0-0: Swinging Strike 0-1: Swinging Strike 0-2: Ball 1-2: Foul Ball, location: 2F 1-2: Strikes out swinging
|
Batting: LHB José Antonio Santiago
|
0-0: Swinging Strike 0-1: Called Strike 0-2: Ground out 4-3 (Groundball, 34)
|
Batting: SHB Ramón Lugo
|
0-0: Foul Ball, location: 2F 0-1: Ground out 5-3 (Groundball, 56)
|
Top of the 7th over - 0 run(s), 0 hit(s), 0 error(s), 0 left on base; Los Angeles 5 - Birmingham 4 |
BOTTOM OF THE 7TH |
Birmingham Steeldogs batting - Pitching for Los Angeles Bruins : RHP António Juárez
|
Batting: LHB Glenn Garrett
|
0-0: Called Strike 0-1: Ball 1-1: Ball 2-1: Ground out 6-3 (Groundball, 6)
|
Batting: LHB Chris Miller
|
0-0: Ball 1-0: Ball 2-0: Called Strike 2-1: SINGLE (Flyball, 6MD)
|
Batting: LHB Arturo Molina
|
0-0: Called Strike 0-1: Ball 1-1: Ball 2-1: Foul Ball, location: 2F 2-2: Strikes out looking
|
Batting: SHB Jesús Ramírez
|
0-0: Called Strike 0-1: Ball 1-1: Called Strike 1-2: Foul Ball, location: 2F 1-2: Foul Ball, location: 2F 1-2: Ball 2-2: Strikes out looking
|
Bottom of the 7th over - 0 run(s), 1 hit(s), 0 error(s), 1 left on base; Los Angeles 5 - Birmingham 4 |
TOP OF THE 8TH |
Los Angeles Bruins batting - Pitching for Birmingham Steeldogs : RHP Vinícius Itaquy
|
Batting: RHB Rubén Calderón
|
0-0: Swinging Strike 0-1: Ball 1-1: Called Strike 1-2: Foul Ball, location: 2F 1-2: Fly out, F3 (Popup, 3F)
|
Batting: LHB Richard Hunter
|
0-0: Called Strike 0-1: Swinging Strike 0-2: Foul Ball, location: 2F 0-2: SINGLE (Line Drive, 8RS)
|
Pitching: RHP David Simpson
|
|
Pinch Hitting: LHB Tony Abete
|
0-0: Foul Ball, location: 2F 0-1: Foul Ball, location: 2F 0-2: Ball 1-2: Strikes out looking
|
Batting: SHB Zach Franks
|
0-0: Called Strike 0-1: Ball 1-1: Ball Richard Hunter steals 2nd base 2-1: DOUBLE (Flyball, 78XD) Richard Hunter scores
|
Batting: LHB David Richardson
|
0-0: Ball 1-0: Called Strike 1-1: Called Strike 1-2: Strikes out swinging
|
Top of the 8th over - 1 run(s), 2 hit(s), 0 error(s), 1 left on base; Los Angeles 6 - Birmingham 4 |
BOTTOM OF THE 8TH |
Birmingham Steeldogs batting - Pitching for Los Angeles Bruins : RHP António Juárez
|
Pitching: RHP José Valdéz
|
|
Now at SS: Gregg Nelson
|
|
Batting: LHB Mitchell Oglethorpe
|
0-0: Swinging Strike 0-1: Swinging Strike 0-2: Strikes out swinging
|
Batting: LHB Ben Kelley
|
0-0: Ball 1-0: Ground out 1-3 (Groundball, 13)
|
Batting: RHB Mario Hernández
|
0-0: Foul Ball, location: 2F 0-1: Fly out, F2 (Popup, 2LF)
|
Bottom of the 8th over - 0 run(s), 0 hit(s), 0 error(s), 0 left on base; Los Angeles 6 - Birmingham 4 |
TOP OF THE 9TH |
Los Angeles Bruins batting - Pitching for Birmingham Steeldogs : RHP David Simpson
|
Batting: SHB Miguel González
|
0-0: Ball 1-0: Ball 2-0: Foul Ball, location: 2F 2-1: DOUBLE (Flyball, 9LD)
|
Batting: RHB Tom Doherty
|
0-0: Called Strike 0-1: Ball 1-1: Called Strike 1-2: Ball 2-2: Strikes out swinging
|
Batting: LHB José Antonio Santiago
|
0-0: Intentional Walk
|
Batting: SHB Ramón Lugo
|
0-0: Called Strike 0-1: Called Strike 0-2: Strikes out swinging
|
Batting: RHB Rubén Calderón
|
0-0: Foul Ball, location: 2F 0-1: Ball 1-1: Foul Ball, location: 2F 1-2: Foul Ball, location: 2F 1-2: SINGLE (Line Drive, 7LS) Miguel González to third José Antonio Santiago to second
|
Batting: LHB Richard Hunter
|
0-0: Ball 1-0: Swinging Strike 1-1: Ball 2-1: Ball 3-1: SINGLE (Line Drive, 5L) Miguel González scores José Antonio Santiago to third Rubén Calderón to second Runner from 3rd tries for Home, SAFE, no throw or cutoff
|
Batting: RHB Gregg Nelson
|
0-0: Ball 1-0: Ball 2-0: Ball 3-0: Called Strike 3-1: Base on Balls Rubén Calderón to third Richard Hunter to second
|
Pitching: RHP Barton Johnson
|
|
Batting: SHB Zach Franks
|
0-0: Ground out 4-3 (Groundball, 34)
|
Top of the 9th over - 2 run(s), 3 hit(s), 0 error(s), 3 left on base; Los Angeles 8 - Birmingham 4 |
BOTTOM OF THE 9TH |
Birmingham Steeldogs batting - Pitching for Los Angeles Bruins : RHP José Valdéz
|
Batting: RHB Paço Ttes
|
0-0: Called Strike 0-1: Swinging Strike 0-2: Ball 1-2: Foul Ball, location: 2F 1-2: Strikes out swinging
|
Batting: LHB José Sánchez
|
0-0: SINGLE (Flyball, 9S)
|
Batting: LHB Glenn Garrett
|
0-0: Called Strike 0-1: Foul Ball, location: 2F 0-2: Strikes out swinging
|
Batting: LHB Chris Miller
|
0-0: Ball 1-0: Called Strike 1-1: Ball 2-1: Foul Ball, location: 2F 2-2: Foul Ball, location: 2F 2-2: Ball 3-2: Strikes out swinging
|
Bottom of the 9th over - 0 run(s), 1 hit(s), 0 error(s), 1 left on base; Los Angeles 8 - Birmingham 4 |
|